 Dungeon Crawl Stone Soup version 0.18-a0-1126-ga2d7f46 (webtiles) character file.

25 M4edhros the Charlatan (level 3, -7/23 HPs)
             Began as an Octopode Artificer on Jan 20, 2016.
             Mangled by a worker ant (8 damage)
             ... on level 4 of the Dungeon.
             The game lasted 00:01:24 (444 turns).

M4edhros the Charlatan (Octopode Artificer)          Turns: 444, Time: 00:01:24

Health: -7/23      AC:  1    Str: 10    XL:     3   Next: 6%
Magic:  5/5        EV: 12    Int: 15    God:
Gold:   61         SH:  3    Dex: 12    Spells: 0 memorised, 2 levels left

rFire  + . .     SeeInvis .     a - +0 short sword
rCold  + . .     Gourm    .     h - +0 buckler
rNeg   . . .     Faith    .     (helmet restricted)
rPois  +         Spirit   .     (no amulet)
rElec  +         Dismiss  .     (no ring)
rCorr  +         Reflect  .     (no ring)
SustAt .         Harm     .     (no ring)
MR     .....                    (no ring)
Stlth  +++.......               (no ring)
                                (no ring)
                                (no ring)
                                (no ring)

@: lethally poisoned (-7 -> -16), resistant, not resistant to hostile
enchantments, fairly stealthy
A: almost no armour, amphibious, 8 rings, constrict 8, camouflage 1, gelatinous
body 1
a: no special abilities


You were on level 4 of the Dungeon.
You were not hungry.

You visited 1 branch of the dungeon, and saw 4 of its levels.

You collected 61 gold pieces.

Inventory:

Hand Weapons
 a - a +0 short sword (weapon)
Armour
 h - a +0 buckler (worn)
Wands
 b - a wand of flame (13/48)
 c - a wand of enslavement (11/24)
 d - a wand of random effects (14/48)
Scrolls
 i - a scroll of enchant armour {unknown}
Potions
 e - a potion of agility {unknown}
Comestibles
 f - 2 bread rations


   Skills:
 - Level 1.0 Fighting
 - Level 1.0 Short Blades
 * Level 2.6 Dodging
 * Level 2.5 Stealth
 + Level 0.4 Shields
 + Level 3.6 Evocations


You had 2 spell levels left.
You didn't know any spells.

Dungeon Overview and Level Annotations

Branches:
Dungeon (4/15)
 Temple: D:4-7

Altars:


Innate Abilities, Weirdness & Mutations

You cannot wear most types of armour.
You are amphibious.
You can wear up to eight rings at the same time.
You can use your tentacles to constrict eight enemies at once.
Your skin changes colour to match your surroundings (Stealth).
Your rubbery body absorbs attacks (AC +1).


Message History

Evoke which item? (* to show all) (? for menu, Esc to quit)
Zapping:
b - a wand of flame (14/48)
Press: ? - help, Shift-Dir - straight line, f/p - worker ant
Aim: a worker ant (severely wounded, constricted by you)
The puff of flame hits the worker ant.
The worker ant appears unharmed.
The worker ant is severely wounded.
This wand has 13 charges left.
You constrict the worker ant.
You feel sick. The worker ant barely misses you.
You hit the worker ant but do no damage.
The worker ant is almost dead.
You constrict the worker ant, but do no damage.
You feel sick. The worker ant bites you!
* * * LOW HITPOINT WARNING * * *
Unknown command.
Drink which item? (? for menu, Esc to quit)
It was a potion of resistance.
You feel protected.
You constrict the worker ant, but do no damage.
The worker ant bites you!
You die...

....................#######.
...#...####.#.#.....<......(
.....#..##........########..
.....##..#........#
..#...##<.........#
.###..####........#
........##......?.####.#
........##.............#
.....†..##......@..#####
........##.....a?.##
........##.....>..#
..............!....
........#####....##.
........# ##.... ..
######### #.... .. ..... ...


You could see a worker ant.

Vanquished Creatures
  2 worms
  A giant gecko (D:2)
  A giant cockroach (D:4)
  A goblin (D:1)
  3 hobgoblins
  4 bats
  6 giant newts
  2 rats
20 creatures vanquished.

Notes
Turn   | Place    | Note
--------------------------------------------------------------
     0 | D:1      | M4edhros the Octopode Artificer began the quest for the Orb.
     0 | D:1      | Reached XP level 1. HP: 13/13 MP: 3/3
    84 | D:1      | Reached XP level 2. HP: 18/18 MP: 4/4
   332 | D:3      | Reached XP level 3. HP: 23/23 MP: 5/5
   443 | D:4      | HP: 1/23 [worker ant (8)]
   444 | D:4      | Mangled by a worker ant

Vault maps used:
D:1:      lemuel_arrival_room
D:2:      minitemple, first_bread, minmay_lizard_king
D:3:      tgw_sif, nemelex_xobeh_ov_fountains_minmay, xom_redecorated

Action                   || total
-------------------------++-------
Melee: Short sword       ||    35
Evoke: Wand              ||     7
  Use: Potion            ||     1
 Stab: Sleeping          ||     7
